 Dungeon Crawl Stone Soup version 0.28-a0-843-gb979743d38 (webtiles) character file.

Game seed: 4832044688971622934

670 Nixze the Gusty (level 7, -6/40 HPs)
             Began as a Tengu Air Elementalist on Nov 12, 2021.
             Was an Initiate of Sif Muna.
             Mangled by a shadow (23 damage)
             ... on level 5 of the Dungeon.
             The game lasted 00:12:16 (5167 turns).

Nixze the Gusty (Tengu Air Elementalist)            Turns: 5167, Time: 00:12:17

Health: -6/40      AC:  2    Str:  8    XL:     7   Next: 58%
Magic:  13/16      EV: 15    Int: 17    God:    Sif Muna [......]
Gold:   194        SH:  0    Dex: 15    Spells: 7/17 levels left

rFire   . . .      SeeInvis .   u - +1 spear (venom)
rCold   . . .      Faith    .   (no shield)
rNeg    . . .      Spirit   .   a - +0 robe
rPois   .          Reflect  .   (helmet restricted)
rElec   .          Harm     .   (no cloak)
rCorr   .          Rampage  .   (no gloves)
Will    .....                   (boots unavailable)
Stlth   ++........              d - amulet of regeneration
HPRegen 1.13/turn               (no ring)
MPRegen 0.15/turn               (no ring)

@: swift, flying quickly and evasively, very quick
A: beak, talons 3, nimble flight
a: Renounce Religion


You were on level 5 of the Dungeon.
You worshipped Sif Muna.
Sif Muna was noncommittal.
You visited 1 branch of the dungeon, and saw 5 of its levels.

You collected 194 gold pieces.

Inventory:

Hand Weapons
 u - a +1 spear of venom (weapon)
Missiles
 e - 2 javelins
 j - 82 stones
 z - 16 poisoned darts
Armour
 a - a +0 robe (worn)
 i - a +1 leather armour
Jewellery
 d - an amulet of regeneration (around neck)
 w - a +6 ring of dexterity
Wands
 q - a wand of polymorph (7)
 y - a wand of iceblast (4)
Scrolls
 b - a scroll of identify {unknown}
 g - a scroll of summoning {unknown}
 k - 4 scrolls of teleportation
 l - a scroll of enchant armour
 o - a scroll of brand weapon {unknown}
 p - a scroll of amnesia {unknown}
 r - a scroll of fear {unknown}
 t - a scroll of magic mapping {unknown}
 v - a scroll of immolation {unknown}
Potions
 c - 2 potions of attraction {unknown}
 f - a potion of magic {unknown}
 h - a potion of mutation {unknown}
 m - a potion of curing
 n - 2 potions of degeneration {unknown}
 s - 2 potions of brilliance {unknown}
 x - a potion of heal wounds {unknown}


   Skills:
 * Level 2.7 Fighting
 + Level 3.1 Dodging
 - Level 2.0 Stealth
 * Level 5.7 Spellcasting
 - Level 1.3 Conjurations
 + Level 6.6 Air Magic


You had 7 spell levels left.
You knew the following spells:

 Your Spells              Type           Power      Damage    Failure   Level
a - Shock                 Conj/Air       72%        1d7       2%          1
b - Static Discharge      Conj/Air       18%        N/A       3%          2
c - Swiftness             Air            27%        N/A       2%          3
d - Airstrike             Air            13%        N/A       9%          4

Your spell library contained the following spells:

 Spells                   Type           Power      Damage    Failure   Level
 Animate Skeleton         Necr           8%         N/A       13%         1
 Apportation              Tloc           8%         N/A       13%         1
 Summon Small Mammal      Summ           16%        N/A       13%         1


Dungeon Overview and Level Annotations

Branches:
Dungeon (5/15)
 Temple: D:4-7

Altars:
Ru
Sif Muna
Yredelemnul


Innate Abilities, Weirdness & Mutations

You have a beak for a mouth.
You have claws for feet.
Your magical nature lets you fly swiftly and evasively.


Message History

The zap hits the orc.
The orc is almost dead.
The shadow imp shouts!
A shadow comes into view.
Casting: Shock (safe; 2% risk of failure)
Confirm with . or Enter, or press ? or * to list all spells.
Aiming: Shock (safe; 2% risk of failure)
Press: ? - help, Shift-Dir - straight line, f - orc
Aim: an orc, wielding a +0 club (almost dead, 71% to hit)
The zap hits the orc.
You kill the orc!
Sif Muna accepts your kill.
The zap hits the shadow.
The shadow is lightly damaged.
The shadow slips into darkness.
The shadow flickers and vanishes!
Deactivating autopickup; reactivate with Ctrl-A.
The shadow strikes at you from the darkness!
Ouch! That really hurt!
* * * LOW HITPOINT WARNING * * *
Reactivating autopickup.
Press: ? - help, v - describe, . - travel
Here: a shadow (lightly damaged)
The floor.
Casting: Shock (safe; 2% risk of failure)
Confirm with . or Enter, or press ? or * to list all spells.
Okay, then.
Unknown command.
Unknown command.
Unknown command.
Casting: Shock (safe; 2% risk of failure)
Confirm with . or Enter, or press ? or * to list all spells.
You feel quick.
The shadow slips into darkness.
The shadow flickers and vanishes!
Deactivating autopickup; reactivate with Ctrl-A.
There is a stone staircase leading up here.
The shadow strikes at you from the darkness!
Ouch! That really hurt!
You die...

.#. ..... .....###
.......>.......######
................[#..#
.......... #........#
........## #.......#
.........###....@.##
.........##........#####
.......................#
...##.........#.........
.........##.†.#.........
...##....#........####..
.##.#...##)..#5.### .
#.........>.....#
.........#.....####


You could see a shadow imp.

Vanquished Creatures
  A water moccasin (D:4)
  A gnoll sergeant (D:3)
  2 bullfrog zombies (D:3)
  2 orc priests
  A hound (D:4)
  Ijyb (D:3)
  An iguana (D:4)
  Natasha (thrice) (D:3)
  An orc wizard (D:4)
  A hound skeleton (D:4)
  8 gnolls
  3 adders
  An adder skeleton (D:4)
  A worm (D:4)
  3 dart slugs
  15 orcs
  6 endoplasms
  6 goblins
  3 hobgoblins
  7 jackals
  7 ball pythons
  3 bats
  2 frilled lizards
  4 kobolds
  3 rats
86 creatures vanquished.

Notes
Turn   | Place    | Note
-------+----------+-------------------------------------------
     0 | D:1      | Nixze the Tengu Air Elementalist began the quest for the
                  | Orb.
     0 | D:1      | Reached XP level 1. HP: 10/10 MP: 4/4
   371 | D:1      | Reached XP level 2. HP: 15/15 MP: 0/6
   634 | D:1      | Reached skill level 5 in Air Magic
   745 | D:1      | Found a faded altar of an unknown god.
  1348 | D:1      | Reached XP level 3. HP: 19/19 MP: 3/7
  1628 | D:2      | Found a basalt altar of Yredelemnul.
  2314 | D:3      | Reached skill level 6 in Air Magic
  2393 | D:3      | Learned a level 2 spell: Static Discharge
  2429 | D:3      | Reached XP level 4. HP: 20/24 MP: 1/9
  2670 | D:3      | Noticed Ijyb
  2732 | D:3      | Killed Ijyb
  2826 | D:3      | Gained mutation: Your magical nature lets you fly swiftly
                  | and evasively. [Tengu growth]
  2826 | D:3      | Reached XP level 5. HP: 28/28 MP: 9/11
  2879 | D:3      | Noticed Natasha
  2888 | D:3      | Killed Natasha
  3147 | D:3      | Learned a level 3 spell: Swiftness
  3152 | D:3      | Learned a level 4 spell: Airstrike
  3212 | D:3      | Noticed Natasha
  3218 | D:3      | Killed Natasha
  3276 | D:3      | Noticed Natasha
  3282 | D:3      | Killed Natasha
  3283 | D:3      | Reached XP level 6. HP: 32/32 MP: 5/13
  3485 | D:3      | Reached skill level 5 in Spellcasting
  3725 | D:3      | Reached skill level 1 in Fighting
  4174 | D:4      | Found a shimmering blue altar of Sif Muna.
  4179 | D:4      | Found a sacrificial altar of Ru.
  4181 | D:4      | Became a worshipper of Sif Muna the Loreminder
  4198 | D:4      | Noticed a water moccasin
  4433 | D:4      | Killed a water moccasin
  4434 | D:4      | Reached XP level 7. HP: 35/40 MP: 5/16
  4961 | D:5      | Entered Level 5 of the Dungeon
  5136 | D:5      | Noticed a shadow
  5167 | D:5      | Mangled by a shadow

Illustrated notes

Levels and vault maps discovered:
D:1:      minmay_arrival_plants_in_alcoves, layout_basic,
          shapermc_ecumenical_altar_mp_ritualfount, minmay_tromino_i2
D:2:      layout_loops_ring, basic_altar
D:3:      layout_loops_ring, eino_tiny_chamber, uniq_ijyb, uniq_natasha
D:4:      layout_rooms, mainiacjoe_overflow_catwalk_spiral
D:5:      old_forge, layout_cave_pools, mainiacjoe_overflow_two_lobes,
          patterned_corridor

Skill      XL: |  1  2  3  4  5  6  7 |
---------------+----------------------+-----
Air Magic      | 5 6 |  6.6
Spellcasting   | 3 4 5 |  5.7
Fighting       | 2 |  2.7
Dodging        | 3 |  3.1
Stealth        | |  2.0
Conjurations   | |  1.3

Action                   |  1- 3 |  4- 6 |  7- 9 || total
-------------------------+-------+-------+-------++-------
Melee: Club              |     3 |       |       ||     3
       Peck              |     1 |       |       ||     1
       Dagger            |       |    17 |       ||    17
 Cast: Shock             |    81 |   122 |    33 ||   236
       Static Discharge  |       |     3 |       ||     3
       Airstrike         |       |     2 |     2 ||     4
       Swiftness         |       |       |     1 ||     1
  Use: Scroll            |       |     2 |       ||     2
Armor: Robe              |     3 |     2 |       ||     5
       Skin              |       |    21 |       ||    21
Dodge: Dodged            |    22 |    26 |       ||    48

Table legend: (Time is in decaauts)
 A = Elapsed time spent in this place.
 B = Non-inter-level travel time spent in this place.
 C = Inter-level travel time spent in this place.
 D = Time resting spent in this place.
 E = Time spent auto-exploring this place.
 F = Levels seen in this place.
 G = Mean time per level.
                   A        B        C        D        E       F      G
               +--------+--------+--------+--------+--------+-----+--------+
         Total |   5058 |   4909 |    149 |   1178 |   3085 |   5 | 1011.6 |
       Dungeon |   5058 |   4909 |    149 |   1178 |   3085 |   5 | 1011.6 |
               +--------+--------+--------+--------+--------+-----+--------+

Top non-repeatable levels by time:
     D:3: 1587 daAuts
     D:1: 1485 daAuts
     D:2: 955 daAuts
     D:4: 836 daAuts
     D:5: 193 daAuts
